Map: Bel'Shir Vestige LE (Void)

Players

SpeCial - Winner!

  • Race: Terran Terran
  • Spawn Location: 5:00

Has

  • Race: Protoss Protoss
  • Spawn Location: 11:00

Event: WCS Austin 2017

VOD

Have the link to the VOD?

Description

Time

  • Played on: April 28, 2017, 8:14 p.m.
  • Length: 6:33

All games in this series

Show
View Real Time Build Order
Export as new Build Order

SpeCial Terran - Winner!

Build Orders: Cyclone Opening, Reaper Expand 

Get SALT Encoding   

  12  0:00  SCV  
  13  0:12  SCV  
  14  0:16  Supply Depot  
  14  0:25  SCV  
  15  0:29  Refinery  
  15  0:38  SCV  
  16  0:44  Barracks  
  16  0:50  SCV  
  17  1:02  SCV  
  18  1:14  SCV  
  19  1:30  Orbital Command  
  19  1:31  Reaper  
  20  1:44  Command Center  
  20  1:53  Factory  
  20  1:56  SCV  
  21  2:07  Refinery  
  21  2:08  Barracks Reactor  
  21  2:11  SCV  
  21  2:15  Supply Depot  
  22  2:23  SCV  
  22  2:25  Engineering Bay  
  23  2:41  Cyclone  
  26  2:44  Marine x2  
  28  2:55  Orbital Command  
  28  2:57  Missile Turret  
  26  3:02  Marine x2  
  26  3:05  SCV  
  29  3:20  Starport, Marine x2  
  31  3:28  Widow Mine  
  31  3:31  SCV x2  
  35  3:38  Marine x2  
  36  3:46  SCV  
  36  3:47  SCV  
  38  3:56  Medivac, Marine x2  
  38  4:00  Supply Depot  
  38  4:02  SCV x2  
  40  4:14  Marine x2, SCV x2  
  43  4:18  Widow Mine  
  43  4:22  Bunker, Missile Turret  
  45  4:26  SCV  
  45  4:27  SCV  
  47  4:31  Viking  
  47  4:35  Marine  
  50  4:39  SCV  
  50  4:40  Marine  
  52  4:48  SCV  
  52  4:51  SCV  
  54  4:53  Supply Depot  
  54  5:07  Marine  
  54  5:14  Widow Mine  
  54  5:15  Supply Depot, Viking, Marine, SCV x2  
  61  5:25  Barracks, Marine  
  61  5:27  Barracks, SCV  
  62  5:29  Missile Turret  
  62  5:35  Supply Depot  
  62  5:36  Marine, SCV  
  62  5:37  Supply Depot  
  62  5:39  SCV  
  65  5:43  Marine  
  65  5:44  Factory Tech Lab  
  65  5:45  Viking  
  65  5:48  SCV  
  69  5:51  SCV  
  69  5:56  Marine  
  71  6:00  SCV  
  68  6:08  SCV  
  68  6:10  Marine  
  69  6:13  SCV  
  69  6:14  Marine  
  69  6:16  Refinery  
  71  6:20  SCV  
  71  6:24  Barracks Tech Lab  
  71  6:25  Supply Depot  
Show
View Real Time Build Order
Export as new Build Order

Has Protoss 

Build Orders: Oracle Opening 

Get SALT Encoding   

  12  0:09  Pylon  
  12  0:14  Probe (Chrono Boost)  
  13  0:27  Gateway  
  13  0:30  Probe (Chrono Boost)  
  14  0:37  Assimilator  
  14  0:40  Probe (Chrono Boost)  
  15  0:46  Assimilator  
  15  0:51  Probe (Chrono Boost)  
  16  1:02  Probe (Chrono Boost)  
  17  1:12  Probe (Chrono Boost)  
  17  1:15  Cybernetics Core  
  18  1:23  Probe (Chrono Boost)  
  19  1:31  Pylon  
  19  1:33  Probe (Chrono Boost)  
  20  1:49  Adept  
  20  1:51  Stargate  
  22  1:54  Warp Gate  
  22  2:00  Probe (Chrono Boost)  
  23  2:13  Probe (Chrono Boost), Stalker  
  26  2:25  Probe (Chrono Boost)  
  26  2:29  Oracle  
  27  2:31  Pylon  
  30  3:04  Nexus  
  30  3:09  Oracle  
  33  3:16  Probe (Chrono Boost)  
  34  3:27  Probe (Chrono Boost)  
  34  3:37  Probe (Chrono Boost), Gateway  
  33  3:42  Gateway  
  33  3:52  Oracle  
  36  3:59  Pylon  
  36  4:01  Probe (Chrono Boost)  
  37  4:12  Probe (Chrono Boost)  
  38  4:21  Gateway  
  38  4:24  Oracle  
  41  4:33  Sentry x2  
  41  4:34  Probe (Chrono Boost)  
  41  4:36  Probe (Chrono Boost)  
  47  4:48  Probe (Chrono Boost)  
  48  4:57  Stalker x2  
  48  4:58  Stalker  
  54  5:00  Probe (Chrono Boost)  
  54  5:03  Probe (Chrono Boost)  
  56  5:12  Pylon  
  56  5:14  Pylon  
  56  5:31  Probe (Chrono Boost)  
  56  5:34  Stalker x2  
  62  5:36  Stalker  
  62  5:41  Stalker  
  65  5:45  Pylon  
  67  5:50  Probe x2 (Chrono Boost)  
  47  6:15  Stalker x2  
  47  6:16  Stalker x2  
  55  6:18  Probe x2 (Chrono Boost)  
Tags
 
Add a new tag
Caveats
  • Supply blocks, unpowered buildings, or Contaminate may cause inaccurate times.
  • Supply counts are checked every 10 seconds.